 Dungeon Crawl Stone Soup version 0.31-a0-164-g2312942fda (webtiles) character file.

Game seed: 12029937327892117606

52 qw the Shooter (level 3, -3/32 HPs)
             Began as a Naga Hunter on June 13, 2023.
             Slain by a gnoll
             ... wielding a +0 flail
              (7 damage)
             ... on level 2 of the Dungeon.
             The game lasted 00:00:21 (876 turns).

qw the Shooter (Naga Hunter)                         Turns: 876, Time: 00:00:22

Health: -3/32      AC:  3    Str: 10 (13) XL:     3   Next: 85%
Magic:  3/3        EV:  9    Int:  8 (9)  God:
Gold:   48         SH:  0    Dex: 15 (16) Spells: 2/2 levels left

rFire   . . .        Y - +0 shortbow
rCold   . . .        (shield currently unavailable)
rNeg    . . .        c - +0 leather armour
rPois   +            (no helmet)
rElec   .            (no cloak)
rCorr   .            i - +0 pair of gloves
SInv    +            (no barding)
Will    .....        (no amulet)
Stlth   ++           (no ring)
HPRegen 0.25/turn    (no ring)
MPRegen 0.08/turn

%: no passive effects
@: very slow
A: AC +1, large, see invisible, deformed body, poison resistance, slowness 2,
spit poison 1, naga tail 1
a: Spit Poison


You were on level 2 of the Dungeon.
You visited 1 branch of the dungeon, and saw 2 of its levels.

You collected 48 gold pieces.


Innate Abilities, Weirdness & Mutations

Your serpentine skin is tough. (AC +1)
You have supernaturally acute eyesight. (SInv)
Armour fits poorly on your strangely shaped body.
Your system is resistant to poisons. (rPois)
You cover ground very slowly.
You can spit poison.
You have a snake-like lower body.


   Skills:
 - Level 2.0 Fighting
 + Level 4.9 Ranged Weapons
 - Level 1.5 Dodging
 - Level 1.5 Stealth


You had 2 spell levels left.
You didn't know any spells.
Your spell library was empty.

Inventory:

Hand Weapons
 Y - a +0 shortbow (weapon)
Armour
 c - a +0 leather armour (worn)
 i - a +0 pair of gloves (worn)
Scrolls
 b - 3 scrolls of blinking {unknown}
Potions
 a - a potion of enlightenment {unknown}

Dungeon Overview and Level Annotations

Branches:
Dungeon (2/15)

Altars:


Message History

The ball python is severely wounded.
You have got your breath back.
The ball python bites you but does no damage.
828 ||| INVOKING Spit Poison.
Aiming: Spit Poison (2% risk of failure)
Press: ? - help, Shift-Dir - straight line, f/p - ball python The splash of poison hits the ball python.
You kill the ball python!
Found a stone staircase leading down.
You have got your breath back.
a - a ruby potion
b - 3 scrolls labelled FIM QAIMNOOLEMN You enter the shallow water.
A gnoll comes into view. It is wielding a +0 flail.
871 ||| INVOKING Spit Poison.
Aiming: Spit Poison (2% risk of failure)
Press: ? - help, Shift-Dir - straight line, f - gnoll The splash of poison hits the gnoll.
The gnoll is lightly wounded.
You hear a shout! x3
A worm, a bat and 3 gnolls come into view.
Found an escape hatch in the ceiling.
The gnoll shouts!
The gnoll hits you from afar with a +0 spear.
The gnoll hits you with a +0 flail!
Enter note: You shoot an arrow.
The arrow barely misses the gnoll.
The arrow closely misses the gnoll.
The gnoll misses you. The gnoll hits you with a +0 flail.
The gnoll hits you from afar with a +0 spear!
You shoot an arrow. The arrow barely misses the gnoll.
The arrow hits the bat!
You kill the bat!
The gnoll hits you from afar with a +0 spear.
875 ||| Stepping ~*~*~tactically~*~*~ (outnumbered).
The gnoll attacks as you move away! The gnoll completely misses you.
A rat comes into view.
You shoot an arrow. The arrow closely misses the gnoll.
You have got your breath back.
The gnoll hits you with a +0 flail!
You die...

#...#.#.##...##.#..#
#...#.............##
#...###.##....~..## ...#
#.###.#~~~.# #..<
#..~~..# ##... #.#.~~.#
#..w. #####.#.~7.######
#.#.#g.##.....###...~PPP#
#......#@#.##.##...~~~~P.
......gg###...##P~~~PP~~~
##...r##.#.#.....P~P777~P
##.# #.##.####.~77 ~ #
#.##.# #.~~7 ##. #.P77 #.
#.P~ #. #.~~P #. #..P.P


You could see 2 gnolls and a rat.

Vanquished Creatures
  2 adders (D:2)
  A dart slug (D:1)
  2 ball pythons
  7 endoplasms (D:1)
  2 giant cockroaches (D:1)
  3 goblins (D:1)
  3 hobgoblins (D:1)
  2 bats
  4 frilled lizards
  A kobold (D:1)
  4 rats (D:1)
31 creatures vanquished.

Notes
Turn   | Place    | Note
-------+----------+-------------------------------------------
     0 | D:1      | qw the Naga Hunter began the quest for the Orb.
     0 | D:1      | Reached XP level 1. HP: 19/19 MP: 1/1
     0 | D:1      | 0 ||| qw: Version: 0.2-a-29-gc1b59c4
     0 | D:1      | 0 ||| qw: Game counter: 4523
     0 | D:1      | 0 ||| qw: Always use a shield: true
     0 | D:1      | 0 ||| qw: God list: Okawaru
     0 | D:1      | 0 ||| qw: Allow faded altars: false
     0 | D:1      | 0 ||| qw: Do Orc after D:15 true
     0 | D:1      | 0 ||| qw: Do second Lair branch before Depths: true
     0 | D:1      | 0 ||| qw: Lair rune preference: random
     0 | D:1      | 0 ||| qw: Plans: Normal
     0 | D:1      | 0 ||| PLANNING D:1-11
     3 | D:1      | Noticed a minotaur skeleton
    19 | D:1      | Noticed a minotaur skeleton
    42 | D:1      | 42 ||| INVOKING Spit Poison.
    76 | D:1      | 76 ||| FLEEEEING.
    81 | D:1      | 81 ||| INVOKING Spit Poison.
    92 | D:1      | Reached skill level 4 in Ranged Weapons
    92 | D:1      | Reached XP level 2. HP: 26/26 MP: 2/2
   101 | D:1      | 101 ||| INVOKING Spit Poison.
   115 | D:1      | 115 ||| INVOKING Spit Poison.
   280 | D:1      | 280 ||| INVOKING Spit Poison.
   295 | D:1      | 295 ||| INVOKING Spit Poison.
   300 | D:1      | 300 ||| INVOKING Spit Poison.
   311 | D:1      | 311 ||| INVOKING Spit Poison.
   316 | D:1      | 316 ||| INVOKING Spit Poison.
   320 | D:1      | 320 ||| INVOKING Spit Poison.
   345 | D:1      | 345 ||| INVOKING Spit Poison.
   517 | D:1      | 517 ||| INVOKING Spit Poison.
   521 | D:1      | 521 ||| INVOKING Spit Poison.
   522 | D:1      | Reached XP level 3. HP: 32/32 MP: 3/3
   655 | D:1      | 655 ||| INVOKING Spit Poison.
   738 | D:1      | 738 ||| INVOKING Spit Poison.
   742 | D:1      | Found a faded altar of an unknown god.
   745 | D:1      | 745 ||| INVOKING Spit Poison.
   792 | D:1      | 792 ||| UPGRADING to +0 pair of gloves.
   797 | D:1      | 797 ||| READING scroll labelled NIQUCWO MAICAD.
   798 | D:1      | 798 ||| READING scroll labelled SOOMOG GIKURGH.
   799 | D:1      | 799 ||| READING scroll labelled GUREIGONT KEICETS.
   800 | D:1      | 800 ||| READING scroll labelled ZUESYDWIPAZ.
   803 | D:1      | 803 ||| DRINKING 2 sedimented clear potions.
   804 | D:1      | 804 ||| DROPPING scroll of butterflies.
   805 | D:1      | 805 ||| DROPPING potion of degeneration.
   816 | D:2      | 816 ||| INVOKING Spit Poison.
   823 | D:2      | 823 ||| INVOKING Spit Poison.
   828 | D:2      | 828 ||| INVOKING Spit Poison.
   871 | D:2      | 871 ||| INVOKING Spit Poison.
   874 | D:2      | HP: 3/32 [gnoll/+0 spear (6)]
   875 | D:2      | 875 ||| Stepping ~*~*~tactically~*~*~ (outnumbered).
   876 | D:2      | Slain by a gnoll

Levels and vault maps discovered:
D:1:      shiori_arrival_whats_in_store_for_you, layout_basic, serial_aquarium,
          aquarium_bridge_square [aquarium_subvault_bridge,
          aquarium_subvault_wall, aquarium_subvault_wall,
          aquarium_subvault_bridge], aquarium_bridge_square
          [aquarium_subvault_bridge, aquarium_subvault_wall,
          aquarium_subvault_balcony, aquarium_subvault_balcony],
          aquarium_window_fake, aquarium_window_corridor_2,
          aquarium_window_fake, aquarium_window_2, aquarium_view_2e,
          aquarium_pool_2, shapermc_ecumenical_altar_mp_urbaneastern
D:2:      layout_loops_ring, serial_bayou, serial_bayou_ford_a,
          serial_bayou_pond_e, serial_bayou_pond_c, serial_bayou_pond_e,
          serial_bayou_pond_d, serial_bayou_pond_d, kennysheep_cross_bottleneck,
          uniq_crazy_yiuf_cottage

Skill      XL: |  1 |
---------------+----+-----
Ranged Weapons | 4 |  4.9
Fighting       | |  2.0
Dodging        | |  1.5
Stealth        | |  1.5

Action                     || total
---------------------------++-------
   Fire: Shortbow          ||    54
Ability: Spit Poison       ||    20
    Use: Scroll            ||     4
         Potion            ||     1
 Armour: Leather armour    ||     3
  Dodge: Dodged            ||     7

Table legend:
 A = Non-vault XP
 B = Vault XP
 C = Vault XP percentage of total XP
 D = Non-vault monster count
 E = Vault monster count
 F = Vault count percentage of total count
                 A         B        C        D         E       F
            +---------+---------+-------+---------+---------+-------
      Total |      75 |       0 |   0.0 |      31 |       0 |   0.0
            +---------+---------+-------+---------+---------+-------
        D:1 |      45 |       0 |   0.0 |      26 |       0 |   0.0
        D:2 |      30 |       0 |   0.0 |       5 |       0 |   0.0
            +---------+---------+-------+---------+---------+-------
